 Dungeon Crawl Stone Soup version 0.30-a0-782-ge64f9170bb (webtiles) character file.

Game seed: 8101759649345552272

89000 Lavandula the Carver (level 16, -19/124 HPs)
             Began as a Human Monk on Feb 22, 2023.
             Was a Priest of Elyvilon.
             Killed from afar by Ilsuiw (54 damage)
             ... with a shard of ice
             ... on level 3 of the Shoals on Feb 24, 2023.
             The game lasted 01:11:53 (25548 turns).

Lavandula the Carver (Human Monk)                  Turns: 25548, Time: 01:11:53

Health: -19/124    AC: 26    Str: 20    XL:     16   Next: 42%
Magic:  20/24      EV: 12    Int: 10    God:    Elyvilon [***...]
Gold:   1509       SH:  7    Dex: 26    Spells: 13/15 levels left

rFire   . . .      SeeInvis +    l - +2 double sword (freeze)
rCold   . . .      Faith    .    i - +0 buckler
rNeg    . . .      Spirit   .    L - +7 chain mail of Resourcefulness {+Inv}
rPois   +          Reflect  .    b - +2 helmet
rElec   .          Harm     .    (no cloak)
rCorr   .          Rampage  .    E - +2 pair of gloves
Will    +....                    (no boots) Stlth
                                 e - amulet of the Amoeba {Contam rPois Regen+ Dex+4}
HPRegen 1.20/turn                C - ring of see invisible
MPRegen 0.19/turn                G - +6 ring of dexterity

@: flying, mesmerised
A: no striking features
a: Renounce Religion, Evoke Invisibility, Purification, Heal Other, Heal Self


You were on level 3 of the Shoals.
You worshipped Elyvilon.
Elyvilon was most pleased with you.
You visited 4 branches of the dungeon, and saw 24 of its levels.
You also visited: Sewer and Ice Cave.

You collected 1509 gold pieces.

Inventory:

Hand Weapons
 a - a +2 dagger of venom
 l - a +2 double sword of freezing (weapon)
 I - the +3 Elemental Staff {rElec rF++ rC++ AC+5}
   (You took it off a deep elf pyromancer on level 8 of the Dungeon)

   It enhances your fire, ice, earth and air magic.
   AC:        It affects your AC (+5).
   rF:        It greatly protects you from fire.
   rC:        It greatly protects you from cold.
   rElec:     It insulates you from electricity.
 T - a +4 scimitar of flaming
Missiles
 h - 2 curare-tipped darts
 q - 59 poisoned darts (quivered)
 O - 11 boomerangs
 Q - 2 throwing nets
Armour
 b - a +2 helmet (worn)
 f - +0 steam dragon scales
 i - a +0 buckler (worn)
 E - a +2 pair of gloves (worn)
 H - the +1 ring mail "Punnexzi" {-Tele Harm rElec Will+++}
   (You found it on level 2 of the Shoals)

   rElec:     It insulates you from electricity.
   -Tele:     It prevents most forms of teleportation.
   Harm:      It increases damage dealt and taken.
   Will:      It greatly increases your willpower.
 L - the +7 chain mail of Resourcefulness (worn) {+Inv}
   (You found it in an ice cave)

   +Inv:      It lets you turn invisible.
Jewellery
 e - the amulet of the Amoeba (around neck) {Contam rPois Regen+ Dex+4}
   (You found it on level 7 of the Dungeon)

   [amulet of regeneration]

   Dex:       It affects your dexterity (+4).
   rPois:     It protects you from poison.
   Contam:    It causes magical contamination when unequipped.
   Regen:     It increases your rate of health regeneration.
 x - an amulet of faith
 C - a ring of see invisible (left hand)
 F - a ring of wizardry
 G - a +6 ring of dexterity (right hand)
 M - a ring of protection from cold
 V - a ring of positive energy
Wands
 j - a wand of quicksilver (9)
 k - a wand of iceblast (12)
 p - a wand of digging (5)
 y - a wand of flame (28)
 J - a wand of mindburst (29)
 U - a wand of paralysis (13)
Scrolls
 d - 3 scrolls of poison
 o - 4 scrolls of vulnerability
 r - 2 scrolls of immolation
 z - 4 scrolls of amnesia
 K - 4 scrolls of identify
 R - 2 scrolls of enchant armour
 S - 2 scrolls of silence
Potions
 c - 2 potions of ambrosia
 m - 6 potions of magic
 n - 5 potions of brilliance
 s - 2 potions of berserk rage
 t - 6 potions of haste
 u - 2 potions of cancellation
 v - a potion of flight
 w - 2 potions of heal wounds
 A - 6 potions of mutation
 B - 8 potions of curing
 N - 2 potions of lignification
Miscellaneous
 D - a lightning rod (4/4)
 P - a tin of tremorstones (2/2)


   Skills:
 + Level 10.8 Fighting
 - Level 9.0(12.1) Short Blades
 - Level 12.9(14.0) Long Blades
 - Level 10.9 Staves
 - Level 11.0 Armour
 - Level 6.6 Dodging
 - Level 3.8 Stealth
 - Level 4.0 Shields
 - Level 11.6 Invocations
 - Level 7.9 Evocations


You had 13 spell levels left.
You knew the following spells:

 Your Spells              Type           Power      Damage    Failure   Level
a - Blink                 Tloc           0%         N/A       99%         2

Your spell library contained the following spells:

 Spells                   Type           Power      Damage    Failure   Level
 Magic Dart               Conj           0%         1d3       98%         1
 Slow                     Hex            0%         N/A       98%         1
 Summon Small Mammal      Summ           0%         N/A       98%         1
 Call Imp                 Summ           0%         N/A       99%         2
 Cigotuvi's Dreadful Rot  Necr/Pois/Air  0%         N/A       99%         2
 Poisonous Vapours        Pois/Air       0%         N/A       99%         2
 Call Canine Familiar     Summ           0%         N/A       100%        3
 Confusing Touch          Hex            0%         N/A       100%        3
 Ignite Poison            Fire/Tmut/Pois 0%         N/A       100%        3
 Inner Flame              Hex/Fire       0%         N/A       100%        3
 Kindle Blastsparks       Fire/Tloc/Air  0%         2d10      100%        3
 Mephitic Cloud           Conj/Pois/Air  0%         N/A       100%        3
 Summon Guardian Golem    Hex/Summ       0%         N/A       100%        3
 Tukima's Dance           Hex            0%         N/A       100%        3
 Vampiric Draining        Necr           0%         2d6       100%        3
 Vhi's Electric Charge    Tloc/Air       0%         N/A       100%        3
 Flame Wave               Conj/Fire      0%         2d4       100%        4
 Fulminant Prism          Conj/Hex       0%         3d5       100%        4
 Iskenderun's Mystic Bla  Conj/Tloc      0%         2d3       100%        4
 Manifold Assault         Tloc           0%         N/A       100%        4
 Olgreb's Toxic Radiance  Pois           0%         N/A       100%        4
 Passage of Golubria      Tloc           0%         N/A       100%        4
 Sticky Flame             Conj/Fire      0%         2d3       100%        4
 Arcjolt                  Conj/Air       0%         1d10      100%        5
 Lee's Rapid Deconstruct  Erth           0%         3d4*      100%        5
 Yara's Violent Unravell  Hex/Tmut       0%         3d3       100%        5
 Ozocubu's Refrigeration  Ice            0%         4d7       100%        7
 Storm Form               Tmut/Air       0%         N/A       100%        7
 Ignition                 Fire           0%         3d3       100%        8
 Maxwell's Capacitive Co  Air            0%         ∞         100%        8


Dungeon Overview and Level Annotations

Branches:
Dungeon (15/15)            Temple (1/1) D:4            Lair (5/5) D:8
 Shoals (3/4) Lair:3       Spider (0/4) Lair:3        Slime (0/5) Lair:5
    Orc (0/2) D:11         Vaults (0/5) D:13          Sewer (visited)
  IceCv (visited)
 Depths: D:15

Altars:
Ashenzari
Cheibriados
Dithmenos
Elyvilon
Fedhas
Gozag
Hepliaklqana
Kikubaaqudgha
Makhleb
Nemelex Xobeh
Okawaru
Qazlal
Ru
Sif Muna
Trog
Uskayaw
Vehumet
Wu Jian
Xom
Yredelemnul
Zin
The Shining One
Jiyva

Annotations:
D:6 1 runed translucent door, Crazy Yiuf
D:11 exclusion: downstairs
D:12 3 runed translucent doors, Muluodea's ghost, journeyman HOMo
Lair:1 2 transporters, KleinerIrrer's ghost, novice DjVM
Lair:3 3 runed translucent doors, Smoky173's ghost, journeyman HOMo
Lair:5 1 runed translucent door
Shoals:2 Mlioglotl
Shoals:3 Ilsuiw; Polyphemus


Message History

The merfolk barely misses the water elemental.
Ilsuiw casts a spell at you.
The shard of ice hits the merfolk!!
The merfolk dies!
You hear a splash.
The water elemental hits you.
The merfolk siren chants its luring song.
The merfolk javelineer throws a javelin.
The javelin pierces through you! You block the water elemental's attack.
The merfolk javelineer attacks as you move away!
The merfolk javelineer hits you with a +2 spear of freezing!
* * * LOW HITPOINT WARNING * * *
The merfolk javelineer freezes you.
* * * LOW HITPOINT WARNING * * *
The water elemental attacks as you move away!
The water elemental hits you. x2
The water elemental engulfs you in water!
Ilsuiw hits you with a +2 trident of freezing.
* * * LOW HITPOINT WARNING * * *
Ilsuiw freezes you.
* * * LOW HITPOINT WARNING * * *
The merfolk siren barely misses you.
The merfolk javelineer hits you but does no damage.
The water elemental hits you. You block the water elemental's attack.
You see here a +0 spear.
You feel much better.
Your lungs strain for air!
The water elemental hits you. You block Ilsuiw's attack.
The merfolk siren chants its luring song.
The merfolk javelineer barely misses you.
The water elemental closely misses you. The water elemental hits you.
The water elemental attacks as you move away!
The water elemental hits you!
* * * LOW HITPOINT WARNING * * *
You slip free of the water engulfing you.
You gasp with relief as air once again reaches your lungs.
Ilsuiw sings a strange sea-chanty.
Ilsuiw points at you and mumbles some strange words.
The shard of ice hits you!!!
You die...

~≈≈≈≈≈≈≈~~..§...
~≈≈≈≈≈≈≈~~~~~~~~~~~~~.....~
~~≈≈≈~~~~~~≈≈≈≈≈≈~~~~P...~~
~~~~~~~~~~~≈≈≈≈≈≈~~~~~~~PP~
~~~~~~~~~~~~~~~~~≈≈≈≈~~~~~~
.~~~~~~~~~~~~~~~~~~~~~~~~~~
....~~~(~~~~~~~~~~~~~~~~~~~
..##.~~~~mm~~~~~~~~~~~~~~~~
..##.~~mEE@~~~~~~~...~~~~~~
...~~~~)~E~~~~~..~~........
#.~~~~))).~~~~†#..~~.......
.~~~~~))##~~~~.#.?.~.##...#
.~~~~~~.#.~~~~~~~~~~.###..#
.~~~~~~~.~~~~~~~~c...~~....
.~~~~~~~.~~~~~P~~..<.......
~~~~~~~~~~~~~~~~~##.......#
..~≈≈~~C~~~~~~~≈≈.##.~~~...


You could see Ilsuiw, a merfolk javelineer, 3 water elementals, a merfolk siren
(mesmerising) and a neutral satyr (wandering).

Vanquished Creatures
  A merfolk impaler (Shoals:3)
  7 vault guards (D:13)
  Erolcha (D:13)
  3 hydras
  A centaur warrior (D:13)
  2 boulder beetles
  A catoblepas (Shoals:3)
  A merfolk aquamancer (Shoals:1)
  2 two-headed ogres (D:12)
  3 death yaks
  A skyshark (Shoals:1)
  10 skeletal warriors
  2 sea snakes
  9 harpies
  2 deep elf pyromancers
  A deep elf zephyrmancer (D:13)
  Pikel (D:7)
  4 ugly things
  7 cyclopes
  9 fauns
  8 manticores
  6 elephants
  3 black mambas
  A water nymph (Shoals:1)
  4 merfolk sirens
  2 gargoyles
  8 cane toads
  Psyche (D:12)
  5 rime drakes
  2 unseen horrors (D:12)
  8 komodo dragons
  An efreet (D:13)
  13 merfolk
  3 trolls
  4 blink frogs (Lair:5)
  7 polar bears
  6 snapping turtles
  10 slime creatures
  3 shadows
  A wraith (D:10)
  2 water elementals
  30 yaks
  3 basilisks
  2 wyverns
  5 steam dragons
  6 vampire mosquitoes (D:12)
  2 acid dragons
  Menkaure (D:4)
  4 orc warriors
  5 water moccasins
  A sky beast (D:7)
  2 ice beasts
  7 ogres
  30 wolves
  7 centaurs
  9 kobold brigands
  A necrophage (D:7)
  4 scorpions
  6 bullfrogs
  3 gnoll sergeants
  A cane toad simulacrum (Lair:5)
  4 wights (D:8)
  3 killer bees (D:8)
  3 howler monkeys
  2 electric eels (D:8)
  5 orc priests
  A gnoll bouda (D:8)
  8 hounds
  7 iguanas
  10 orc wizards
  13 gnolls
  8 adders
  A river rat (Sewer)
  5 worms
  A dart slug (D:2)
  42 orcs
  9 endoplasms
  3 giant cockroaches
  5 goblins
  6 hobgoblins
  2 quokkas (D:4)
  3 ball pythons
  7 bats
  A frilled lizard (D:2)
  23 kobolds
  6 rats
473 creatures vanquished.

Vanquished Creatures (others)
  A merfolk javelineer (Shoals:3)
  A vault guard (D:13)
  A two-headed ogre (D:11)
  3 death yaks (IceCv)
  A sea snake (Shoals:1)
  A skyshark (Shoals:1)
  A harpy (Shoals:1)
  6 ugly things (D:14)
  A manticore (Shoals:3)
  4 fauns
  A merfolk siren (Shoals:3)
  A water nymph (Shoals:1)
  4 merfolk
  3 polar bears (IceCv)
  A snapping turtle (Shoals:1)
  3 yaks (IceCv)
  A steam dragon (D:8)
  2 water moccasins (Lair:5)
  An orc warrior (D:11)
  A black bear (D:8)
  A centaur (D:11)
  2 kobold brigands
  A killer bee (D:8)
  3 gnolls (D:8)
  4 orcs (D:8)
  4 kobolds
  12 fungi
  27 plants
  4 withered plants (Lair:5)
96 creatures vanquished.

Grand Total: 569 creatures vanquished

Notes
Turn   | Place    | Note
-------+----------+-------------------------------------------
     0 | D:1      | Lavandula the Human Monk began the quest for the Orb.
     0 | D:1      | Reached XP level 1. HP: 18/18 MP: 1/1
   109 | D:1      | Reached XP level 2. HP: 24/24 MP: 2/2
   772 | D:2      | Reached skill level 4 in Long Blades
   772 | D:2      | Reached XP level 3. HP: 29/29 MP: 3/3
   911 | D:2      | Found a faded altar of an unknown god.
  1125 | D:2      | Reached XP level 4. HP: 13/35 MP: 4/4
  1715 | D:3      | Reached skill level 5 in Long Blades
  1715 | D:3      | Found a glowing drain.
  1724 | Sewer    | Entered a sewer
  1727 | Sewer    | Noticed a kobold brigand
  1747 | Sewer    | Killed a kobold brigand
  1748 | Sewer    | Reached XP level 5. HP: 33/41 MP: 5/5
  1931 | Sewer    | Reached skill level 6 in Long Blades
  2049 | Sewer    | Noticed a kobold brigand
  2049 | Sewer    | Noticed a kobold brigand
  2064 | Sewer    | Killed a kobold brigand
  2065 | Sewer    | Reached XP level 6. HP: 30/47 MP: 6/6
  3077 | D:4      | Found a staircase to the Ecumenical Temple.
  3109 | Temple   | Entered the Ecumenical Temple
  3285 | Temple   | Became a worshipper of Elyvilon the Healer
  3285 | Temple   | Reached * piety under Elyvilon
  3285 | Temple   | Reached ** piety under Elyvilon
  3449 | D:4      | Reached XP level 7. HP: 20/52 MP: 7/7
  3935 | D:4      | Noticed Menkaure
  3939 | D:4      | Killed Menkaure
  3940 | D:4      | Reached skill level 5 in Short Blades
  4241 | D:4      | Reached *** piety under Elyvilon
  4514 | D:5      | Entered Level 5 of the Dungeon
  4752 | D:5      | Reached XP level 8. HP: 56/58 MP: 8/8
  5537 | D:6      | Reached **** piety under Elyvilon
  6495 | D:6      | Reached XP level 9. HP: 21/63 MP: 8/10
  6761 | D:6      | Found a runed translucent door.
  6762 | D:6      | Noticed Crazy Yiuf
  7616 | D:7      | Identified the amulet of the Amoeba {Contam rPois Regen+
                  | Dex+4}
  7650 | D:7      | Reached skill level 5 in Invocations
  7700 | D:7      | Noticed Pikel
  7802 | D:7      | Killed Pikel
  8482 | D:8      | Reached XP level 10. HP: 9/70 MP: 13/16
  8672 | D:7      | Reached skill level 10 in Invocations
  8823 | D:8      | Found an ornate altar of the Wu Jian Council.
  8892 | D:8      | Noticed a deep elf pyromancer
  8904 | D:8      | Elyvilon protects you from harm!
  8910 | D:8      | Killed a deep elf pyromancer
  8963 | D:8      | Noticed a gargoyle
  9000 | D:8      | Killed a gargoyle
  9138 | D:8      | Reached skill level 1 in Staves
  9183 | D:8      | Found a staircase to the Lair.
  9506 | D:8      | Reached XP level 11. HP: 52/75 MP: 19/19
  9998 | D:9      | Reached skill level 5 in Staves
 10399 | D:10     | Entered Level 10 of the Dungeon
 11723 | D:11     | Noticed a two-headed ogre
 11726 | D:11     | Noticed a manticore
 11729 | D:11     | Pacified a two-headed ogre
 11774 | D:11     | Pacified a manticore
 12121 | D:11     | Noticed a two-headed ogre
 12123 | D:11     | Pacified a two-headed ogre
 12128 | D:11     | Killed a two-headed ogre
 12132 | D:11     | Noticed a two-headed ogre
 12160 | D:11     | Pacified a two-headed ogre
 12270 | D:11     | Found a staircase to the Orcish Mines.
 12565 | D:11     | Reached skill level 10 in Staves
 12650 | D:11     | Reached XP level 12. HP: 71/81 MP: 20/20
 12744 | Lair:1   | Entered Level 1 of the Lair of Beasts
 12821 | Lair:1   | Found a transporter.
 12829 | Lair:1   | Noticed KleinerIrrer's ghost (novice DjVM)
 12847 | Lair:1   | Noticed a boulder beetle
 12880 | Lair:1   | Killed a boulder beetle
 13132 | Lair:1   | Found a transporter.
 13235 | Lair:1   | Reached skill level 1 in Armour
 13792 | Lair:2   | HP: 3/83 [komodo dragon (28)]
 13798 | Lair:2   | Reached skill level 5 in Armour
 14431 | Lair:2   | Reached skill level 5 in Fighting
 15069 | D:12     | Noticed a two-headed ogre
 15071 | D:12     | Killed a two-headed ogre
 15178 | D:12     | Reached XP level 13. HP: 68/96 MP: 21/21
 15185 | D:12     | Found a frozen archway.
 15202 | IceCv    | Entered an ice cave
 16164 | IceCv    | Reached skill level 7 in Long Blades
 16285 | IceCv    | Reached skill level 8 in Long Blades
 16436 | IceCv    | Identified the +7 chain mail of Resourcefulness {+Inv}
 16469 | IceCv    | Identified the +5 glaive of Qoufip {pain, Will++ rCorr
                  | Int-4}
 16469 | IceCv    | Noticed a frost giant
 16470 | IceCv    | Pacified a frost giant
 16471 | IceCv    | Reached skill level 9 in Long Blades
 16690 | D:12     | Reached skill level 1 in Shields
 16831 | D:12     | Noticed Psyche
 17181 | D:12     | Found a runed translucent gate.
 17182 | D:12     | Found a runed translucent gate.
 17183 | D:12     | Found a runed translucent gate.
 17185 | D:12     | Noticed Muluodea's ghost (journeyman HOMo)
 17185 | D:12     | Noticed a 13-headed hydra
 17185 | D:12     | Noticed a 13-headed hydra
 17316 | D:12     | Killed Psyche
 17370 | D:12     | Reached XP level 14. HP: 100/106 MP: 22/22
 17633 | D:13     | Reached skill level 10 in Long Blades
 17727 | D:13     | You fall into a shaft and drop 1 floor!
 17960 | D:14     | Reached skill level 11 in Long Blades
 18309 | D:13     | Noticed Erolcha
 18315 | D:13     | Killed Erolcha
 18316 | D:13     | Reached skill level 12 in Long Blades
 18779 | Lair:3   | Found a staircase to the Shoals.
 19148 | Lair:3   | Found a hole to the Spider Nest.
 19158 | Lair:3   | Noticed Smoky173's ghost (journeyman HOMo)
 19167 | Lair:3   | Found a runed translucent gate.
 19167 | Lair:3   | Found a runed translucent gate.
 19295 | Lair:3   | Found a runed translucent gate.
 20253 | Lair:5   | Entered Level 5 of the Lair of Beasts
 20303 | Lair:5   | Reached skill level 5 in Dodging
 20316 | Lair:5   | Reached ***** piety under Elyvilon
 20355 | Lair:5   | Found a runed translucent door.
 20356 | Lair:5   | Found a viscous altar of Jiyva.
 20356 | Lair:5   | Found a staircase to the Slime Pits.
 20356 | Lair:5   | Noticed an acid blob
 21058 | Lair:5   | Noticed a dire elephant
 21058 | Lair:5   | Noticed a dire elephant
 21059 | Lair:5   | Noticed a dire elephant
 21070 | Lair:5   | Noticed a dire elephant
 21080 | Lair:5   | Pacified a dire elephant
 21081 | Lair:5   | Reached XP level 15. HP: 81/112 MP: 20/23
 21810 | D:13     | Found a gate to the Vaults.
 22061 | D:13     | Reached skill level 10 in Armour
 22370 | D:14     | Found a blossoming altar of Fedhas.
 22665 | D:14     | Reached skill level 1 in Evocations
 22774 | D:15     | Entered Level 15 of the Dungeon
 23167 | Shoals:1 | Entered Level 1 of the Shoals
 23228 | Shoals:1 | Noticed Aizul
 23244 | Shoals:1 | Pacified Aizul
 23641 | Shoals:1 | Reached skill level 5 in Evocations
 24265 | Shoals:2 | Reached XP level 16. HP: 89/118 MP: 24/24
 24541 | Shoals:2 | Learned a level 2 spell: Blink
 24554 | Shoals:2 | Identified the +1 ring mail "Punnexzi" {-Tele Harm rElec
                  | Will+++}
 24655 | Shoals:2 | Noticed Mlioglotl
 25375 | Shoals:3 | Reached skill level 10 in Fighting
 25530 | Shoals:3 | Noticed Ilsuiw
 25540 | Shoals:3 | Noticed Polyphemus
 25548 | Shoals:3 | Killed from afar by Ilsuiw

Illustrated notes

Levels and vault maps discovered:
D:1:      heliophobic_arrival_ceremonial_halls, layout_loops_ring
D:2:      layout_loops_cross, ebering_ecumenical_altar_webs
D:3:      layout_basic, portal_sewer_entry_d
D:4:      layout_basic, temple_doors_cd, uniq_menkaure
D:5:      layout_cave_pools, grunt_ministairs_12, minmay_misc_feat_tower,
          uniq_duvessa
D:6:      layout_loops_ring, uniq_crazy_yiuf_cottage
D:7:      layout_rooms, uniq_pikel
D:8:      layout_gridville, mainiacjoe_overflow_alcove_4, erik_lair_island,
          dilly_guarded_unrand_elemental_staff
D:9:      layout_basic, serial_bayou_pond_d
D:10:     layout_loops_corners
D:11:     layout_rooms, kennysheep_orc_monster_closet_entryway
D:12:     layout_basic, gammafunk_ghost_hydra_chop, portal_ice_cave_rime,
          uniq_psyche
D:13:     layout_roguey, erik_vaults_2, uniq_erolcha
D:14:     layout_loops_ring, fedhas_altar_2
D:15:     gammafunk_depths_entry_grave, layout_irregular_city,
          nrook_mini_backslash
Temple:   mainiacjoe_temple_archimedes_tessellation
Lair:1:   layout_cave_shapes, nzn_ghost_randoct, lemuel_fruit_tree
Lair:2:   layout_chaotic_city
Lair:3:   layout_small_grid, nicolae_shoals_entry_roost,
          spider_nest_entry_web_field, gammafunk_ghost_split
Lair:4:   layout_hall_layers
Lair:5:   due_jungle_book, layout_cave_pods, slime_entry_2
Shoals:1: layout_shoals, uniq_aizul
Shoals:2: layout_shoals, hangedman_shoal_volcano, uniq_mlioglotl
Shoals:3: layout_shoals, nicolae_shoals_wave_tunnel, uniq_polyphemus,
          uniq_ilsuiw

Skill      XL: |  1  2  3  4  5  6  7  8  9 10 11 12 13 14 15 16 |
---------------+-------------------------------------------------+-----
Long Blades    | 4 5 6 9 12 | 12.9
Short Blades   | 2 4 6 8 9 |  9.0
Invocations    | 2 9 11 | 11.6
Staves         | 4 10 | 10.9
Fighting       | 7 8 10 | 10.8
Armour         | 6 7 8 11 | 11.0
Shields        | 4 |  4.0
Dodging        | 6 |  6.6
Evocations     | 7 |  7.9
Stealth        | 3 |  3.8

Action                     |  1- 3 |  4- 6 |  7- 9 | 10-12 | 13-15 | 16-18 || total
---------------------------+-------+-------+-------+-------+-------+-------++-------
  Melee: Falchion          |    69 |    82 |       |    32 |       |       ||   183
         Punch             |       |     2 |    11 |    35 |     8 |       ||    56
         Short sword       |       |   105 |   400 |   121 |       |       ||   626
         Scimitar          |       |       |    10 |    20 |   195 |       ||   225
         Long sword        |       |       |     7 |     2 |       |       ||     9
         Staff             |       |       |       |   934 |       |       ||   934
         Dagger            |       |       |       |   305 |   519 |       ||   824
         Double sword      |       |       |       |       |   576 |   178 ||   754
  Throw: Dart              |       |       |    15 |    18 |    16 |       ||    49
         Boomerang         |       |       |       |       |     5 |       ||     5
 Invoke: Heal Other        |       |       |     1 |    23 |    34 |    13 ||    71
         Heal Self         |       |       |       |     4 |     8 |     6 ||    18
  Evoke: Wand              |       |       |    13 |     2 |       |       ||    15
         Lightning rod     |       |       |       |       |     3 |       ||     3
    Use: Potion            |       |     2 |       |       |     5 |     6 ||    13
         Scroll            |       |     1 |     4 |    14 |    10 |     1 ||    30
   Stab: Sleeping          |     7 |       |       |     8 |       |       ||    15
         Distracted        |     1 |       |       |     2 |       |       ||     3
 Armour: Robe              |    14 |     1 |       |       |       |       ||    15
         Plate armour      |       |    71 |   167 |   341 |   263 |       ||   842
         Steam dragon scal |       |       |       |   407 |       |       ||   407
         Chain mail        |       |       |       |       |   431 |    92 ||   523
  Dodge: Dodged            |    38 |    38 |    65 |   740 |   451 |    65 ||  1397
  Block: Buckler           |       |       |       |       |   207 |    82 ||   289

Table legend: (Time is in decaauts)
 A = Elapsed time spent in this place.
 B = Non-inter-level travel time spent in this place.
 C = Inter-level travel time spent in this place.
 D = Time resting spent in this place.
 E = Time spent auto-exploring this place.
 F = Levels seen in this place.
 G = Mean time per level.
                   A        B        C        D        E       F      G
               +--------+--------+--------+--------+--------+-----+--------+
         Total |  24762 |  22767 |   1995 |   3230 |  12771 |  26 |  952.4 |
       Dungeon |  15818 |  14496 |   1322 |   1827 |   8769 |  15 | 1054.5 |
        Temple |    254 |    231 |     23 |      0 |    198 |   1 |  254.0 |
          Lair |   4422 |   3896 |    526 |    237 |   2731 |   5 |  884.4 |
        Shoals |   2391 |   2269 |    122 |    763 |    590 |   3 |  797.0 |
         Sewer |    790 |    790 |      0 |    122 |    459 |   1 |  790.0 |
      Ice Cave |   1084 |   1084 |      0 |    281 |     22 |   1 | 1084.0 |
               +--------+--------+--------+--------+--------+-----+--------+

Top non-repeatable levels by time:
     D:6: 1687 daAuts
    D:11: 1477 daAuts
     D:4: 1394 daAuts
    D:10: 1373 daAuts
     D:8: 1305 daAuts
    D:12: 1253 daAuts
Shoals:1: 1251 daAuts
    D:14: 1210 daAuts
     D:5: 1210 daAuts
   IceCv: 1084 daAuts
  Lair:2: 1059 daAuts
    D:13: 993 daAuts
  Lair:5: 923 daAuts
     D:2: 915 daAuts
  Lair:1: 907 daAuts
